AoeStats
← jordicastillo

Arabia

508257134Analyzed
3v3 RM · 11d ago on Sep 21, 2026· 33m 41s· 6 players
Game mode
Random Map
Map size
Normal (6 player)
Population
200
Speed
Normal
Resources
Standard
Victory
Conquest
Starting age
Dark Age
Ending age
Imperial Age
RankedLock teamsTeams togetherTeam positionsShared explorationLock speedFull tech treeHidden civsTurbo modeCheats
Victory
Defeat
🇩🇪 Franks · Germany
889
+10
🇩🇪 Khmer · Germany
726
+17
🇩🇪 Britons · Germany
708
+18
🇧🇷 Byzantines · Brazil
792
-17
🇧🇷 Britons · Brazil
747
-15
🇺🇸 Khmer · United States
697
-13
ManOWar14
11:03 Feudal Age
11:28 Horse Collar
11:35 Double-Bit Axe
14:24 Bloodlines
17:57 Loom
19:00 Gold Mining
21:56 Castle Age
23:38 Heavy Plow
25:08 Pikeman
Tompzera
7:10 Loom
10:23 Feudal Age
11:39 Wheelbarrow
10:45 Horse Collar
10:56 Double-Bit Axe
16:25 Town Watch
20:56 Stone Mining
20:59 Gold Mining
23:15 Castle Age
21:54 Forging
21:52 Scale Barding Armor
23:26 Crossbowman
25:09 Treadmill Crane
26:36 Fletching
27:09 Pikeman
Pica das Galaxias
3:07 Loom
12:59 Feudal Age
17:12 Wheelbarrow
21:06 Castle Age
20:16 Double-Bit Axe
20:13 Horse Collar
20:26 Stone Mining
20:29 Gold Mining
21:04 Arson
22:32 Bow Saw
24:33 Husbandry
28:06 Elite Skirmisher
30:27 Forging
30:32 Crossbowman
32:01 Fletching
sachsenmalte
9:39 Loom
11:36 Feudal Age
15:38 Town Watch
18:18 Castle Age
21:06 Double-Bit Axe
22:11 Husbandry
22:51 Forging
24:05 Bow Saw
24:54 Scale Barding Armor
jordicastillo
7:13 Loom
11:21 Feudal Age
18:29 Castle Age
17:15 Double-Bit Axe
17:15 Horse Collar
17:34 Gold Mining
19:34 Bloodlines
20:31 Husbandry
23:26 Bow Saw
28:13 Scale Barding Armor
28:24 Forging
33:14 Imperial Age
eric.w.hof
10:12 Feudal Age
11:10 Double-Bit Axe
11:55 Horse Collar
20:57 Castle Age
19:33 Fletching
19:43 Padded Archer Armor
20:14 Padded Archer Armor
22:14 Bow Saw
22:07 Heavy Plow
22:05 Bodkin Arrow
23:49 Crossbowman
26:46 Wheelbarrow
32:29 Imperial Age
33:07 Hand Cart
33:00 Pikeman
Connection lost

Rejoining the realm…

Still unreachable

The connection could not be restored.

Session expired

The server has moved on; the page needs a fresh start.